 Dungeon Crawl Stone Soup version 0.24-a0-504-gcfb02b9d07 (webtiles) character file.

Game seed: 14044933221518072345

1845 KristoblXynda the Carver (level 8, -29/67 HPs)
             Began as a Black Draconian Fighter on July 16, 2019.
             Was a Priest of Okawaru.
             Annihilated by a very large slime creature (56 damage)
             ... on level 6 of the Dungeon.
             The game lasted 00:12:29 (8287 turns).

KristoblXynda the Carver (Black Draconian Fighter)  Turns: 8287, Time: 00:12:30

Health: -29/67     AC:  7    Str: 19    XL:     8   Next: 88%
Magic:  8/8        EV: 12    Int: 11    God:    Okawaru [***...]
Gold:   204        SH: 10    Dex:  8    Spells: 7/7 levels left

rFire    . . .     SeeInvis +   a - +1 long sword
rCold    . . .     Gourm    .   b - +0 shield
rNeg     . . .     Faith    +   (armour unavailable)
rPois    +         Spirit   .   (helmet restricted)
rElec    +         Reflect  .   n - scarf {cloud immunity}
rCorr    .         Harm     .   (no gloves)
MR       .....                  u - +0 pair of boots
Stlth    ++........             k - amulet of faith
HPRegen  0.21/turn              o - ring of see invisible (curse)
MPRegen  0.11/turn              p - ring of stealth

@: about to teleport, short of breath
A: breathe lightning, unfitting armour, clumsy 1, poison resistance, electricity
resistance, evolution 1, cold-blooded, AC +6
a: Breathe Lightning, Heroism, Renounce Religion


You were on level 6 of the Dungeon.
You worshipped Okawaru.
Okawaru was most pleased with you.
You were near starving.

You visited 2 branches of the dungeon, and saw 7 of its levels.

You collected 319 gold pieces.
You spent 115 gold pieces at shops.

Inventory:

Hand Weapons
 a - a +1 long sword (weapon)
Missiles
 v - a throwing net (quivered)
Armour
 b - a +0 shield (worn)
 n - a scarf of cloud immunity (worn)
 u - a +0 pair of boots (worn)
Jewellery
 k - an amulet of faith (around neck)
 o - a cursed ring of see invisible (left hand)
 p - a ring of stealth (right hand)
 t - an uncursed ring of wizardry
Wands
 q - a wand of disintegration (21)
Scrolls
 e - 2 scrolls of magic mapping
 f - a scroll of amnesia
 i - 3 scrolls of enchant armour
 j - a scroll of teleportation
 m - a scroll of acquirement {unknown}
 r - 2 scrolls of remove curse
Potions
 c - a potion of might
 g - a potion of flight
 h - a potion of haste
 l - a potion of curing
 w - a potion of resistance {unknown}
Comestibles
 d - 7 rations


   Skills:
 + Level 4.9 Fighting
 * Level 8.4 Long Blades
 - Level 5.0 Dodging
 + Level 6.5 Shields


You had 7 spell levels left.
You didn't know any spells.
Your spell library was empty.

Dungeon Overview and Level Annotations

Branches:
Dungeon (6/15)             Temple (1/1) D:4

Altars:
Ashenzari
Cheibriados
Fedhas
Gozag
Hepliaklqana
Kikubaaqudgha
Makhleb
Nemelex Xobeh
Okawaru
Qazlal
Ru
Sif Muna
Trog
Uskayaw
Vehumet
Wu Jian
Xom
Yredelemnul
Zin

Shops:
D:4 ?


Innate Abilities, Weirdness & Mutations

You can breathe wild blasts of lightning.
Your glossy black scales are hard. (AC +6)
You cannot fit into any form of body armour.
You are resistant to electric shocks. (rElec)
You are cold-blooded and may be slowed by cold attacks.
You are clumsy. (Dex -2)
Your system is resistant to poisons. (rPois)
You evolve.


Message History

The ooze closely misses you.
You slash the ooze!
You kill the ooze!
Okawaru accepts your kill. The jelly barely misses you.
The ooze hits you but does no damage.
The slime creature completely misses you.
The ooze jiggles.
The ooze closely misses you.
Two slime creatures merge to form a large slime creature.
A slime creature suddenly becomes a very large slime creature.
There is an open door here.
As you read the scroll labeled XAUKOI HYMIRUF, it crumbles to dust.
It is a scroll of amnesia.
You feel forgetful for a moment.
The very large slime creature closely misses you.
As you read the scroll labeled IRAETHREUTEX, it crumbles to dust.
You feel strangely unstable.
It was a scroll of teleportation.
The very large slime creature hits you!!!
Ouch! That really hurt!
You die...

##')(#######.........
##...## #..<......
##.[...## ##........
#.......# #.........
#.......# #.#####...
#.......# ##..###...
#.......# #.........
#....#### #........
#....@JJ## #..######
########J# #..#
##.J.JJ.###...........
##J#######
#...........
#J..J..÷..
#####.###...
#.J.J..... #.# ..
#....÷÷... ... .
#.P....... ...
#..÷...... o.[


You could see a very large slime creature, a jelly and an ooze.

Vanquished Creatures
  An ice beast (D:5)
  3 ogres
  4 big kobolds (D:6)
  A bullfrog (D:6)
  A scorpion (D:4)
  3 wights (D:6)
  A howler monkey (D:6)
  A crimson imp (D:6)
  A gnoll shaman (D:6)
  2 jellies
  3 orc wizards
  2 hounds
  2 centaur skeletons
  A bullfrog skeleton (D:6)
  2 iguanas (D:4)
  5 worker ants
  19 gnolls
  9 adders
  A shadow imp (D:6)
  5 oozes
  An adder zombie (D:5)
  An adder skeleton (D:4)
  4 dart slugs
  2 leopard geckos
  19 orcs
  6 bats
  5 giant cockroaches
  9 goblins
  8 hobgoblins
  6 jackals
  12 kobolds
  4 quokkas
  2 frilled lizards
  A leopard gecko skeleton (D:4)
  A quokka skeleton (D:4)
  A quokka zombie (D:5)
  6 rats
155 creatures vanquished.

Vanquished Creatures (others)
  6 fungi (D:6)
  10 toadstools (D:6)
16 creatures vanquished.

Grand Total: 171 creatures vanquished

Notes
Turn   | Place    | Note
-------+----------+-------------------------------------------
     0 | D:1      | KristoblXynda the Draconian Fighter began the quest for the
                  | Orb.
     0 | D:1      | Reached XP level 1. HP: 19/19 MP: 1/1
   116 | D:1      | Reached XP level 2. HP: 20/26 MP: 2/2
  1100 | D:2      | Reached XP level 3. HP: 31/31 MP: 3/3
  1243 | D:2      | Reached skill level 3 in Long Blades
  1931 | D:3      | Found an iron altar of Okawaru.
  1966 | D:3      | Reached XP level 4. HP: 32/38 MP: 4/4
  1975 | D:3      | Became a worshipper of Warmaster Okawaru
  2638 | D:3      | Reached skill level 4 in Long Blades
  2638 | D:3      | Reached XP level 5. HP: 22/45 MP: 5/5
  2862 | D:3      | Found a radiant altar of Vehumet.
  3322 | D:3      | Found a faded altar of an unknown god.
  3559 | D:4      | Found Mifenl Mosi's Magic Scroll Shop.
  3606 | D:4      | Reached * piety under Okawaru
  3606 | D:4      | Reached XP level 6. HP: 22/51 MP: 6/6
  3610 | D:4      | Gained mutation: Your system is resistant to poisons.
                  | (rPois) [potion of mutation]
  3610 | D:4      | Gained mutation: You evolve. [potion of mutation]
  3611 | D:4      | HP: 1/51 [iguana (3)]
  4134 | D:4      | Reached skill level 5 in Long Blades
  4586 | D:4      | Found an opulent altar of Gozag.
  4721 | D:4      | Bought a scroll of enchant armour for 82 gold pieces
  4721 | D:4      | Bought a scroll of remove curse for 33 gold pieces
  5094 | D:4      | Your scales start taking on a glossy black colour.
  5094 | D:4      | Reached XP level 7. HP: 40/57 MP: 7/7
  5094 | D:4      | Gained mutation: You are resistant to electric shocks.
                  | (rElec) [Black Draconian growth]
  5110 | D:4      | Found a staircase to the Ecumenical Temple.
  5118 | Temple   | Entered the Ecumenical Temple
  5349 | D:4      | Found a shimmering altar of Xom.
  5636 | D:5      | Entered Level 5 of the Dungeon
  5698 | D:5      | Found a snail-covered altar of Cheibriados.
  5698 | D:5      | Found a sacrificial altar of Ru.
  5843 | D:5      | Found a shimmering altar of Xom.
  5854 | D:5      | Reached skill level 6 in Long Blades
  5854 | D:5      | Reached skill level 5 in Shields
  6063 | D:5      | Reached ** piety under Okawaru
  6133 | D:5      | Found a stormy altar of Qazlal.
  6134 | D:5      | Noticed an air elemental
  6417 | D:4      | Gained mutation: You are clumsy. (Dex -2) [evolution]
  6758 | D:5      | Reached skill level 5 in Dodging
  6758 | D:5      | Reached XP level 8. HP: 57/63 MP: 8/8
  6822 | D:5      | Found an ancient bone altar of Kikubaaqudgha.
  6918 | D:5      | Found a shattered altar of Ashenzari.
  7164 | D:6      | Reached skill level 7 in Long Blades
  7979 | D:6      | Found a sparkling altar of Nemelex Xobeh.
  8124 | D:6      | Reached skill level 8 in Long Blades
  8124 | D:6      | Reached *** piety under Okawaru
  8266 | D:6      | Noticed a slime creature
  8266 | D:6      | Noticed a slime creature
  8266 | D:6      | Noticed a slime creature
  8287 | D:6      | Annihilated by a very large slime creature

Levels and vault maps discovered:
D:1:      onia_arrival_mini_spirals, layout_basic
D:2:      layout_basic, first_ration, serial_curves, eino_curves_02,
          eino_curves_04, minmay_liquid_box, kennysheep_generic_room_12
D:3:      layout_loops_ring, lemuel_crystal_altar,
          nicolae_overflow_crystal_walls, chequers_ecumenical_altar_twisty,
          serial_bayou_lake_a
D:4:      layout_basic, grunt_gozag_breadcrumbs, minmay_temple_entry_trees,
          serial_shops, shop_coins, xom_teletrap_fun
D:5:      layout_gridville, ashenzari_conservatory_becter,
          nicolae_qazlal_style_of_elements,
          chequers_temple_overflow_statue_of_worship, lemuel_round_altar,
          basic_altar
D:6:      cheibrodos_fertilizer, layout_gridville, lemuel_doored_altar
Temple:   jpeg_temple_alley_garden

Skill      XL: |  1  2  3  4  5  6  7  8 |
---------------+-------------------------+-----
Dodging        | 3 4 5 |  5.0
Long Blades    | 3 4 5 6 8 |  8.4
Shields        | 4 5 6 |  6.5
Fighting       | 4 |  4.9

Action                   |  1- 3 |  4- 6 |  7- 9 || total
-------------------------+-------+-------+-------++-------
Melee: Long sword        |   106 |   238 |   251 ||   595
       Tailslap          |    10 |    30 |    27 ||    67
 Abil: Breathe Lightning |       |       |     7 ||     7
  Use: Scroll            |       |     4 |     5 ||     9
       Potion            |       |     3 |       ||     3
 Stab: Sleeping          |     2 |     2 |     2 ||     6
  Eat: Chunk             |     3 |     7 |     4 ||    14
       Ration            |       |     1 |     2 ||     3
Armor: Skin              |    37 |    55 |    55 ||   147
Dodge: Dodged            |    49 |    81 |   123 ||   253
Block: Shield            |    45 |   108 |   119 ||   272
       Rpst.: Long sword |    16 |    26 |    31 ||    73

Table legend:
 A = Non-vault XP
 B = Vault XP
 C = Vault XP percentage of total XP
 D = Non-vault monster count
 E = Vault monster count
 F = Vault count percentage of total count
                 A         B        C        D         E       F
            +---------+---------+-------+---------+---------+-------
      Total |    2148 |     489 |  18.5 |     140 |      15 |   9.7
            +---------+---------+-------+---------+---------+-------
        D:1 |      37 |       0 |   0.0 |      23 |       0 |   0.0
        D:2 |      52 |      13 |  20.0 |      16 |       1 |   5.9
        D:3 |     217 |       0 |   0.0 |      35 |       0 |   0.0
        D:4 |     502 |       0 |   0.0 |      26 |       0 |   0.0
        D:5 |     643 |       0 |   0.0 |      20 |       0 |   0.0
        D:6 |     697 |     476 |  40.6 |      20 |      14 |  41.2
            +---------+---------+-------+---------+---------+-------
